 Dungeon Crawl Stone Soup version 0.20-b1-12-g5827e59 (webtiles) character file.

58478 ChaseSP the Cleaver (level 14, -3/129 HPs)
             Began as a Hill Orc Fighter on May 23, 2017.
             Was a High Priest of Okawaru.
             Slain by a sixfirhy (4 damage)
             ... summoned by an orc high priest
             ... on level 2 of the Orcish Mines.
             The game lasted 00:43:51 (21836 turns).

ChaseSP the Cleaver (Hill Orc Fighter)             Turns: 21836, Time: 00:43:52

Health: -3/129     AC:  2    Str: 22    XL:     14   Next: 90%
Magic:  15/17      EV:  2    Int: 11    God:    Okawaru [*****.]
Gold:   737        SH:  0    Dex: 16    Spells: 13/13 levels left

rFire    + . .     SeeInvis .   a - +0 battleaxe
rCold    . . .     Gourm    .   (shield currently unavailable)
rNeg     + + +     Faith    .   C - +3 chain mail {rPois}
rPois    ∞         Spirit   .   N - +0 hat of the Game of Kings {Regen+}
rElec    +         Reflect  .   F - +2 cloak of Nes Wac {rElec Int+3}
rCorr    .         Harm     .   Q - +0 pair of gloves
MR       +....                  w - +0 pair of boots
Stlth    ..........             p - amulet of regeneration
Regen    1.2/turn               l - +4 ring of evasion
MPRegen  0.2/turn               B - ring of Riopoema {Wiz rElec rF+ Slay+2 Stlth+}

@: petrified, corroded, slowed
A: horns 1, agile 1, strong 1
a: Heroism, Finesse, Renounce Religion, Convert to Beogh


You were on level 2 of the Orcish Mines.
You worshipped Okawaru.
Okawaru was extremely pleased with you.
You were not hungry.

You visited 4 branches of the dungeon, and saw 20 of its levels.

You collected 1607 gold pieces.
You spent 870 gold pieces at shops.

Inventory:

Hand Weapons
 a - a +0 battleaxe (weapon)
 D - a +0 flail
 W - a +2 arbalest of flaming
 Y - a +0 morningstar
Missiles
 k - 247 bolts
Armour
 w - a +0 pair of boots (worn)
 C - a +3 chain mail of poison resistance (worn)
 E - a +0 plate armour of positive energy
 F - the +2 cloak of Nes Wac (worn) {rElec Int+3}
   (Okawaru gifted it to you on level 6 of the Lair of Beasts)

   It affects your intelligence (+3).
   It insulates you from electricity.
 N - the +0 hat of the Game of Kings (worn) {Regen+}
   (You found it on level 6 of the Lair of Beasts)

   It increases your rate of regeneration.
 Q - a +0 pair of gloves (worn)
 X - the +1 hat of Gaeto {Int+6}
   (Okawaru gifted it to you on level 6 of the Lair of Beasts)

   It affects your intelligence (+6).
Jewellery
 c - an uncursed ring of wizardry
 h - an uncursed ring of flight
 l - a +4 ring of evasion (left hand)
 p - an amulet of regeneration (around neck)
 B - the ring of Riopoema (right hand) {Wiz rElec rF+ Slay+2 Stlth+}
   (You bought it in a shop on level 2 of the Orcish Mines)

   [ring of wizardry]

   It improves your spell success rate.
   It affects your accuracy and damage with ranged weapons and melee attacks
   (+2).
   It protects you from fire.
   It insulates you from electricity.
   It makes you more stealthy.
 H - an uncursed ring of poison resistance
 T - an uncursed ring of ice
 Z - an uncursed ring of ice
Wands
 q - a wand of scattershot (3/9)
 K - a wand of digging (12/24)
 M - a wand of digging (7/24)
Scrolls
 b - 8 scrolls of remove curse
 d - 7 scrolls of teleportation
 g - 6 scrolls of recharging
 o - 3 scrolls of amnesia
 t - 6 scrolls of identify
 u - 5 scrolls of fear
 I - a scroll of enchant weapon
 O - 2 scrolls of magic mapping
 P - a scroll of silence
 R - a scroll of enchant armour
Potions
 i - 8 potions of curing
 j - a potion of cancellation
 n - 2 potions of might
 x - 2 potions of brilliance
 G - 2 potions of agility
 J - a potion of haste
 L - 2 potions of resistance
 S - 2 potions of berserk rage
 V - 2 potions of heal wounds
Books
 s - a book of Cantrips

   Spells                             Type                      Level
   a - Confusing Touch                Hexes                        1
   b - Animate Skeleton               Necromancy                   1
   c - Summon Small Mammal            Summoning                    1
   d - Apportation                    Translocation                1
Miscellaneous
 e - a crystal ball of energy
 y - a fan of gales
 U - a phantom mirror
Comestibles
 f - 13 bread rations
 m - 29 fruits
 r - 9 royal jellies
 v - 3 chunks of flesh
 A - 3 meat rations


   Skills:
 + Level 13.0 Fighting
 * Level 14.5 Axes
 - Level 12.5 Crossbows
 + Level 13.1 Armour
 + Level 7.6 Dodging
   Level 3.2 Shields
 + Level 4.9 Invocations


You had 13 spell levels left.
You didn't know any spells.

Dungeon Overview and Level Annotations

Branches:
Dungeon (11/15)            Temple (1/1) D:4            Lair (6/6) D:10
 Shoals (0/4) Lair:3        Snake (0/4) Lair:4        Slime (0/5) Lair:5
    Orc (2/2) D:10            Elf (0/3) Orc:2

Altars:
Ashenzari
Cheibriados
Dithmenos
Elyvilon
Fedhas
Gozag
Hepliaklqana
Kikubaaqudgha
Makhleb
Nemelex Xobeh
Okawaru
Qazlal
Ru
Sif Muna
Trog
Uskayaw
Vehumet
Xom
Yredelemnul
Zin
The Shining One
Jiyva

Shops:
D:11 %   Orc:1 =   Orc:2 (==

Annotations:
D:9 Maurice
D:10 1 runed door
Orc:2 1 exclusion


Innate Abilities, Weirdness & Mutations

You have a pair of small horns on your head.
You are agile. (Dex +2)
Your muscles are strong. (Str +2)


Message History

The orc high priest hits you from afar with a glaive!
* * * LOW HITPOINT WARNING * * *
Your limbs are stiffening.
Unknown command.
As you read the scroll of fog, it crumbles to dust.
The scroll dissolves into smoke.
The chaos spawn barely misses you. The orc high priest barely misses you.
The sixfirhy hits you!
* * * LOW HITPOINT WARNING * * *
The sixfirhy shocks you. You resist.
* * * LOW HITPOINT WARNING * * *
The chaos spawn gores you. The chaos spawn freezes you!
* * * LOW HITPOINT WARNING * * *
You have turned to stone.
The sixfirhy hits you but does no damage.
The sixfirhy hits you.
* * * LOW HITPOINT WARNING * * *
The sixfirhy shocks you. You resist.
* * * LOW HITPOINT WARNING * * *
The sixfirhy barely misses you. The sixfirhy hits you!
You die...

............######..###
............#∩...#..#
..........).#....# .#
............#....# #
............#.)..# .###
............###)##.4...
..............§o4.4o.8.
............###3##.....
............#.§4@# ....
............#.§§§# ###
............#∩.§.#
...#........######
..................
..................
..........########
....#....## ...#.....#


You could see an orc high priest, a sixfirhy and a chaos spawn.

Vanquished Creatures
  Fannar (Lair:2)
  6 hydras
  3 catoblepae (Lair:6)
  The ghost of 0gre the Basher, a novice MiBe of Trog (D:10)
  4 two-headed ogres
  17 death yaks
  3 orc high priests (Orc:2)
  2 wizards (D:11)
  Pikel (D:4)
  2 orc sorcerers
  4 lindwurms (Lair:4)
  The ghost of ChaseSP the Cleaver, a novice HOGl (D:6)
  An orc knight (Orc:1)
  2 manticores (Lair:6)
  A deep elf mage (D:11)
  An ugly thing (D:11)
  3 cyclopes
  5 elephants (Lair:2)
  2 black mambas
  A merfolk siren (Lair:3)
  9 spiny frogs
  A centaur skeleton (D:10)
  A rime drake (Lair:2)
  5 komodo dragons
  The ghost of marshmellons the Shield-Bearer, a novice GrFi of Uskayaw (D:5)
  A polar bear (Lair:5)
  7 trolls
  A hornet (D:10)
  3 merfolk (Lair:3)
  A meliai zombie (D:10)
  8 blink frogs
  9 hippogriffs
  A wyvern (D:11)
  25 yaks
  Grum (D:10)
  Edmund (D:6)
  A hungry ghost (D:9)
  4 basilisks
  3 nagas (Lair:4)
  4 wargs
  A soldier ant (D:11)
  10 water moccasins
  2 hell hounds (D:10)
  4 porcupines
  9 orc warriors
  2 black bears
  A slave (D:4)
  A sky beast (D:11)
  An ice beast (D:10)
  An eye of draining (D:11)
  16 wolves
  A necrophage (D:5)
  15 ogres
  12 crocodiles
  3 centaurs
  2 big kobolds (D:8)
  10 bullfrogs
  A water moccasin skeleton (D:10)
  10 killer bees (D:10)
  3 scorpions
  2 electric eels (Lair:6)
  3 howler monkeys (D:11)
  7 crimson imps
  2 quasits
  6 hounds
  3 jellies
  12 orc priests
  Crazy Yiuf (D:7)
  9 orc wizards
  Ijyb (D:3)
  Terence (D:2)
  7 worker ants
  Natasha (thrice) (D:3)
  An iguana (D:4)
  A worker ant zombie (D:7)
  Robin (D:2)
  11 gnolls
  11 adders
  An ooze (D:4)
  An adder skeleton (D:8)
  A dart slug (D:2)
  4 leopard geckos
  53 orcs
  4 giant cockroaches
  7 hobgoblins
  13 jackals
  11 kobolds
  6 quokkas
  9 bats
  2 frilled lizards (D:2)
  9 goblins
  A jackal skeleton (D:5)
  A quokka skeleton (D:4)
  8 rats
  5 fungi
  A plant (Lair:6)
472 creatures vanquished.

Vanquished Creatures (others)
  A gnoll (D:4)
  An orc (Orc:1)
  A frilled lizard (D:4)
  5 fungi
  11 plants
19 creatures vanquished.

Grand Total: 491 creatures vanquished

Notes
Turn   | Place    | Note
-------+----------+-------------------------------------------
     0 | D:1      | ChaseSP the Hill Orc Fighter began the quest for the Orb.
     0 | D:1      | Reached XP level 1. HP: 19/19 MP: 1/1
    77 | D:1      | Reached skill level 3 in Axes
   158 | D:1      | Reached XP level 2. HP: 16/26 MP: 2/2
   259 | D:1      | Reached skill level 4 in Axes
   543 | D:1      | Reached XP level 3. HP: 31/31 MP: 3/3
   647 | D:2      | Noticed Terence
   660 | D:2      | Killed Terence
   660 | D:2      | Reached skill level 5 in Axes
  1092 | D:2      | Reached XP level 4. HP: 23/39 MP: 4/4
  1288 | D:2      | Reached skill level 6 in Axes
  1504 | D:2      | Noticed Robin
  1530 | D:2      | Killed Robin
  1841 | D:3      | Noticed a centaur
  1851 | D:3      | Gained mutation: Potions are less effective at restoring your health. [potion of mutation]
  1851 | D:3      | Gained mutation: You have a somewhat thin skeletal structure. (Dex +2, Stealth) [potion of mutation]
  1851 | D:3      | Gained mutation: You are dopey. (Int -2) [potion of mutation]
  1851 | D:3      | Gained mutation: Your muscles are strong. (Str +2) [potion of mutation]
  1852 | D:3      | Lost mutation: Your muscles are strong. (Str +2) [potion of mutation]
  1852 | D:3      | Lost mutation: You are dopey. (Int -2) [potion of mutation]
  1852 | D:3      | Lost mutation: Potions are less effective at restoring your health. [potion of mutation]
  1852 | D:3      | Lost mutation: You have a somewhat thin skeletal structure. (Dex +2, Stealth) [potion of mutation]
  1852 | D:3      | Gained mutation: You have a pair of small antennae on your head. [potion of mutation]
  1852 | D:3      | Gained mutation: You are partially covered in molten scales. (AC +2) [potion of mutation]
  1852 | D:3      | Gained mutation: Your spells are a little easier to cast, but a little less powerful. [potion of mutation]
  1852 | D:3      | Gained mutation: You are agile. (Dex +2) [potion of mutation]
  1863 | D:3      | Reached XP level 5. HP: 25/45 MP: 5/5
  1871 | D:3      | Killed a centaur
  1871 | D:3      | Reached skill level 7 in Axes
  2130 | D:3      | Noticed Natasha
  2142 | D:3      | Killed Natasha
  2142 | D:3      | Reached skill level 8 in Axes
  2142 | D:3      | Reached XP level 6. HP: 10/51 MP: 6/6
  2487 | D:3      | Noticed Natasha
  2489 | D:3      | Noticed Ijyb
  2493 | D:3      | Killed Natasha
  2505 | D:3      | Killed Ijyb
  2589 | D:3      | Noticed Natasha
  2600 | D:3      | Killed Natasha
  2762 | D:4      | Reached skill level 1 in Dodging
  2863 | D:4      | Noticed a slave
  2883 | D:4      | Killed a slave
  2889 | D:4      | Noticed a slave
  2890 | D:4      | Noticed Pikel
  2890 | D:4      | Noticed a slave
  2893 | D:4      | Noticed a slave
  2913 | D:4      | Killed Pikel
  2913 | D:4      | Reached skill level 5 in Fighting
  2913 | D:4      | Reached skill level 9 in Axes
  2913 | D:4      | Reached XP level 7. HP: 61/61 MP: 7/7
  2922 | D:4      | Reached skill level 10 in Axes
  2922 | D:4      | Reached XP level 8. HP: 60/68 MP: 8/8
  3181 | D:4      | Found a staircase to the Ecumenical Temple.
  3237 | Temple   | Entered the Ecumenical Temple
  3768 | D:5      | Entered Level 5 of the Dungeon
  3782 | D:5      | Reached skill level 5 in Armour
  3824 | D:5      | Reached skill level 11 in Axes
  3892 | D:5      | Found an iron altar of Okawaru.
  3902 | D:5      | Became a worshipper of Warmaster Okawaru
  4327 | D:5      | Noticed marshmellons's ghost (novice GrFi)
  4347 | D:5      | Killed marshmellons's ghost
  4663 | D:6      | Reached XP level 9. HP: 72/74 MP: 9/9
  4781 | D:6      | Noticed ChaseSP's ghost (novice HOGl)
  4807 | D:6      | Killed ChaseSP's ghost
  4807 | D:6      | Reached * piety under Okawaru
  4807 | D:6      | Reached skill level 12 in Axes
  5148 | D:6      | Noticed Edmund
  5161 | D:6      | Killed Edmund
  5528 | D:7      | Reached skill level 13 in Axes
  5580 | D:7      | Reached ** piety under Okawaru
  5690 | D:7      | Noticed a kobold demonologist
  5934 | D:7      | Noticed a rust devil
  6304 | D:7      | Found a runed door.
  6364 | D:7      | Noticed Crazy Yiuf
  6367 | D:7      | Killed Crazy Yiuf
  6403 | D:7      | Found a burning altar of Makhleb.
  7016 | D:8      | Found a blossoming altar of Fedhas.
  7026 | D:8      | Noticed a two-headed ogre
  7032 | D:8      | Killed a two-headed ogre
  7032 | D:8      | Reached XP level 10. HP: 66/81 MP: 10/10
  7317 | D:8      | Reached skill level 14 in Axes
  7755 | D:9      | Found a deep blue altar of Sif Muna.
  7892 | D:9      | Noticed Maurice
  8449 | D:9      | Found a stormy altar of Qazlal.
  8450 | D:9      | Found a sparkling altar of Nemelex Xobeh.
  8554 | D:10     | Entered Level 10 of the Dungeon
  8567 | D:10     | Reached skill level 1 in Crossbows
  8830 | D:10     | Reached skill level 5 in Dodging
  8849 | D:10     | Reached *** piety under Okawaru
  8956 | D:10     | Noticed a two-headed ogre
  8970 | D:10     | Killed a two-headed ogre
  8997 | D:10     | Noticed Grum
  9051 | D:10     | Killed Grum
  9051 | D:10     | Received a gift from Okawaru
  9051 | D:10     | Reached XP level 11. HP: 54/91 MP: 11/11
  9320 | D:10     | Noticed 0gre's ghost (novice MiBe)
  9346 | D:10     | Killed 0gre's ghost
  9346 | D:10     | Reached **** piety under Okawaru
  9431 | D:10     | Found a staircase to the Orcish Mines.
  9470 | D:10     | Reached skill level 5 in Crossbows
  9538 | D:10     | Received a gift from Okawaru
  9547 | D:10     | Found a glowing silver altar of Zin.
  9563 | D:10     | Found a staircase to the Lair.
  9595 | D:10     | Noticed an angel
  9596 | D:10     | Found a runed door.
 10092 | D:11     | Noticed a deep elf mage
 10144 | D:11     | Killed a deep elf mage
 10234 | D:11     | Noticed a two-headed ogre
 10248 | D:11     | Killed a two-headed ogre
 10248 | D:11     | Received a gift from Okawaru
 10355 | D:11     | Identified the Grimoire of Sand
 10364 | D:11     | Identified the Handbook of Plaster Cramp
 10371 | D:11     | Identified the Handbook of Axaxaxas mlö
 10410 | D:11     | Noticed a wizard
 10421 | D:11     | Killed a wizard
 10421 | D:11     | Reached ***** piety under Okawaru
 10509 | D:11     | Noticed a purple ugly thing
 10525 | D:11     | Killed a purple ugly thing
 10525 | D:11     | Received a gift from Okawaru
 10538 | D:11     | Noticed a wizard
 10549 | D:11     | Killed a wizard
 10596 | D:11     | Found Rofasuti's Food Shop.
 10635 | D:11     | Noticed a two-headed ogre
 10652 | D:11     | Killed a two-headed ogre
 10652 | D:11     | Received a gift from Okawaru
 10652 | D:11     | Reached XP level 12. HP: 36/103 MP: 12/12
 11234 | D:10     | Received a gift from Okawaru
 11433 | Lair:1   | Entered Level 1 of the Lair of Beasts
 11452 | Lair:1   | Reached skill level 10 in Armour
 11956 | Lair:1   | Received a gift from Okawaru
 12217 | Lair:1   | You fall through a shaft!
 12225 | Lair:2   | Noticed Fannar
 12240 | Lair:1   | Noticed a four-headed hydra
 12256 | Lair:1   | Killed a four-headed hydra
 12385 | Lair:1   | Got a faintly glowing war axe
 12386 | Lair:1   | Identified the +4 war axe "Irigh" {chop, *Contam rElec Dex+5} (You found it on level 1 of the Lair of Beasts)
 13093 | Lair:1   | Noticed an eight-headed hydra
 13107 | Lair:1   | Killed a 15-headed hydra
 13229 | Lair:2   | Killed Fannar
 13547 | Lair:2   | Received a gift from Okawaru
 13547 | Lair:2   | Reached skill level 10 in Fighting
 14117 | Lair:2   | Reached XP level 13. HP: 100/113 MP: 13/13
 14363 | Lair:3   | Received a gift from Okawaru
 14377 | Lair:3   | Received a gift from Okawaru
 14377 | Lair:3   | Reached skill level 10 in Crossbows
 14395 | Lair:3   | HP: 8/171 [death yak (19)]
 14777 | Lair:3   | You fall through a shaft for 3 floors!
 14777 | Lair:6   | Entered Level 6 of the Lair of Beasts
 14784 | Lair:6   | Received a gift from Okawaru
 14787 | Lair:6   | Got a polished hat {god gift}
 14793 | Lair:6   | Identified the +1 hat of Gaeto {Int+6} (Okawaru gifted it to you on level 6 of the Lair of Beasts)
 15312 | Lair:3   | Found a staircase to the Shoals.
 15807 | Lair:4   | Found a staircase to the Snake Pit.
 17159 | Lair:4   | Gained mutation: Scrolls take you a little longer to read. [mutagenic glow]
 17161 | Lair:4   | Lost mutation: Scrolls take you a little longer to read. [potion of mutation]
 17161 | Lair:4   | Lost mutation: You are agile. (Dex +2) [potion of mutation]
 17161 | Lair:4   | Lost mutation: Your spells are a little easier to cast, but a little less powerful. [potion of mutation]
 17161 | Lair:4   | Lost mutation: You are partially covered in molten scales. (AC +2) [potion of mutation]
 17161 | Lair:4   | Lost mutation: You have a pair of small antennae on your head. [potion of mutation]
 17161 | Lair:4   | Gained mutation: Your muscles are strong. (Str +2) [potion of mutation]
 17161 | Lair:4   | Gained mutation: Your flesh is heat resistant. (rF+) [potion of mutation]
 17161 | Lair:4   | Gained mutation: Your muscles are very strong. (Str +4) [potion of mutation]
 17818 | Lair:5   | Reached XP level 14. HP: 123/125 MP: 14/14
 17930 | Lair:5   | Found a viscous altar of Jiyva.
 17930 | Lair:5   | Found a staircase to the Slime Pits.
 18698 | Lair:6   | Received a gift from Okawaru
 18701 | Lair:6   | Got a distressingly furry cloak {god gift}
 18712 | Lair:6   | Identified the +2 cloak of Nes Wac {rElec Int+3} (Okawaru gifted it to you on level 6 of the Lair of Beasts)
 19330 | Lair:6   | Reached skill level 1 in Invocations
 19830 | Lair:6   | Got a steaming hat
 19843 | Lair:6   | Identified the +0 hat of the Game of Kings {Regen+} (You found it on level 6 of the Lair of Beasts)
 20304 | Orc:1    | Entered Level 1 of the Orcish Mines
 20368 | Orc:1    | Found Lustinn's Jewellery Shoppe.
 20636 | Orc:2    | Entered Level 2 of the Orcish Mines
 20663 | Orc:2    | Found a staircase to the Elven Halls.
 21310 | Orc:2    | Received a gift from Okawaru
 21391 | Orc:2    | Found Xageiq's Jewellery Shop.
 21407 | Orc:2    | Bought the ring of Riopoema {Wiz rElec rF+ Slay+2 Stlth+} for 870 gold pieces
 21578 | Orc:2    | Lost mutation: Your flesh is heat resistant. (rF+) [potion of mutation]
 21578 | Orc:2    | Lost mutation: Your muscles are very strong. (Str +4) [potion of mutation]
 21578 | Orc:2    | Lost mutation: Your muscles are strong. (Str +2) [potion of mutation]
 21578 | Orc:2    | Gained mutation: You have a pair of small horns on your head. [potion of mutation]
 21578 | Orc:2    | Gained mutation: You are agile. (Dex +2) [potion of mutation]
 21578 | Orc:2    | Gained mutation: Your muscles are strong. (Str +2) [potion of mutation]
 21792 | Orc:2    | Found Wampiz's Antique Weapon Boutique.
 21792 | Orc:2    | Found Sosch's Jewellery Emporium.
 21835 | Orc:2    | HP: 5/129 [chaos spawn[an orc high priest] (5)]
 21836 | Orc:2    | HP: 1/129 [sixfirhy[an orc high priest] (2)]
 21836 | Orc:2    | Slain by a sixfirhy

Skill      XL: |  1  2  3  4  5  6  7  8  9 10 11 12 13 14 |
---------------+-------------------------------------------+-----
Axes           | 3 4 5 6 8 9 10 11 13 14 | 14.5
Dodging        | 1 2 4 5 6 7 |  7.6
Fighting       | 5 6 8 10 11 13 | 13.0
Armour         | 4 5 7 8 9 11 12 13 | 13.1
Crossbows      | 4 6 9 11 12 | 12.5
Invocations    | 4 |  4.9
Shields        | |  3.2

Action                   |  1- 3 |  4- 6 |  7- 9 | 10-12 | 13-15 || total
-------------------------+-------+-------+-------+-------+-------++-------
Melee: War axe           |    99 |   196 |   306 |   815 |   606 ||  2022
       Flail             |       |       |       |    10 |       ||    10
       Punch             |       |       |       |     1 |     3 ||     4
       Battleaxe         |       |       |       |       |   143 ||   143
       Headbutt          |       |       |       |       |    21 ||    21
 Fire: Arbalest          |       |       |       |     8 |    35 ||    43
Invok: Heroism           |       |       |       |     9 |    12 ||    21
       Finesse           |       |       |       |     1 |     4 ||     5
Evoke: Wand              |       |       |     1 |       |       ||     1
  Use: Potion            |     2 |     4 |     4 |     3 |     9 ||    22
       Scroll            |       |       |    11 |     7 |     9 ||    27
  Eat: Chunk             |     1 |     6 |    13 |    14 |    15 ||    49
       Meat ration       |       |       |       |     2 |     2 ||     4
Armor: Scale mail        |    40 |    68 |     3 |       |       ||   111
       Chain mail        |       |       |    92 |   294 |   322 ||   708
Dodge: Dodged            |    41 |    83 |    91 |   399 |   577 ||  1191
Block: Shield            |    53 |    91 |   121 |   247 |       ||   512
       Reflection        |       |       |     1 |     5 |       ||     6
